 Dungeon Crawl Stone Soup version 0.21.0-24-g2553a33 (webtiles) character file.

88 raph the Shield-Bearer (level 4, -24/40 HPs)
             Began as a Minotaur Fighter on Jan 19, 2018.
             Was an Initiate of the Shining One.
             Annihilated by Crazy Yiuf
             ... wielding a +2 quarterstaff of chaos
              (25 damage)
             ... on level 2 of the Dungeon.
             The game lasted 00:03:08 (1528 turns).

raph the Shield-Bearer (Minotaur Fighter)           Turns: 1528, Time: 00:03:10

Health: -24/40     AC:  7    Str: 20    XL:     4   Next: 29%
Magic:  3/3        EV:  4    Int:  5    God:    the Shining One [......]
Gold:   112        SH:  9    Dex: 11    Spells: 3/3 levels left

rFire    . . .     SeeInvis .   a - +0 long sword
rCold    . . .     Gourm    +   c - +0 shield
rNeg     . . .     Faith    .   g - +0 scale mail
rPois    .         Spirit   .   (helmet restricted)
rElec    .         Reflect  .   (no cloak)
rCorr    .         Harm     .   (no gloves)
MR       .....                  (no boots)
Stlth    ..........             k - amulet of the gourmand
HPRegen  0.13/turn              o - -3 ring of evasion (curse)
MPRegen  0.08/turn              (no ring)

@: lethally poisoned (-24 -> -38), slowed, glowing, very slow
A: retaliatory headbutt, horns 2
a: Renounce Religion


You were on level 2 of the Dungeon.
You worshipped the Shining One.
The Shining One was noncommittal.
You were completely stuffed.

You visited 1 branch of the dungeon, and saw 2 of its levels.

You collected 112 gold pieces.

Inventory:

Hand Weapons
 a - a +0 long sword (weapon)
 b - a +1 hunting sling of velocity
Missiles
 i - 126 stones (quivered)
 j - 24 sling bullets
Armour
 c - a +0 shield (worn)
 g - a +0 scale mail (worn)
Jewellery
 k - an amulet of the gourmand (around neck)
 o - a cursed -3 ring of evasion (left hand)
Scrolls
 e - 2 scrolls of identify
Potions
 d - a potion of might
 l - a potion of heal wounds
 m - a potion of magic
Comestibles
 f - 4 rations
 h - a chunk of flesh


   Skills:
 + Level 4.2 Fighting
 * Level 3.6 Long Blades
 + Level 4.1 Armour
 * Level 4.6 Shields
 + Level 0.3 Invocations


You had 3 spell levels left.
You didn't know any spells.

Dungeon Overview and Level Annotations

Branches:
Dungeon (2/15)

Altars:
Cheibriados
Elyvilon
The Shining One

Annotations:
D:2 Crazy Yiuf


Innate Abilities, Weirdness & Mutations

You reflexively headbutt those who attack you in melee.
You have a pair of horns on your head.


Message History

You miss something.
You feel sick. Something hits you. Something freezes you.
Something completely misses you.
Your shield and scale mail prevent you from hitting something.
You headbutt something! Something hits you.
You feel yourself slow down.
You completely miss something. You headbutt something.
You feel sick. Something completely misses you. You block something's attack.
You barely miss something. You headbutt something.
You block something's attack.
You miss something.
You feel sick. Something hits you but does no damage. Something hits you!
* * * LOW HITPOINT WARNING * * *
You are lethally poisoned!
Your shield and scale mail prevent you from hitting something.
* * * LOW HITPOINT WARNING * * *
You feel very sick. Something hits you!
* * * LOW HITPOINT WARNING * * *
Space warps horribly around you!
Ouch! That really hurt!
You die...

.................#########
##.##.######.....# ....#.#
####### ......# #...###
..#.# ....####♣♣ #####
....#....♣♣ ♣♣#..)#
..........♣♣♣♣.'@{.#
..#.#......♣..♣#...#
.....#....♣.♣♣♣#####
#.#..###♣♣♣♣♣ #.#..##
......# ####.## #.# #.#


There were no monsters in sight!

Vanquished Creatures
  3 adders (D:2)
  An ooze (D:1)
  3 worms (D:2)
  A dart slug (D:1)
  2 leopard geckos
  3 bats
  2 giant cockroaches (D:1)
  8 goblins
  3 hobgoblins
  2 jackals (D:1)
  5 kobolds
  2 quokkas (D:2)
  3 frilled lizards (D:1)
  3 rats (D:1)
41 creatures vanquished.

Notes
Turn   | Place    | Note
-------+----------+-------------------------------------------
     0 | D:1      | raph the Minotaur Fighter began the quest for the Orb.
     0 | D:1      | Reached XP level 1. HP: 19/19 MP: 0/0
   213 | D:1      | Reached XP level 2. HP: 27/27 MP: 1/1
   405 | D:1      | Reached XP level 3. HP: 28/33 MP: 2/2
   893 | D:2      | Found a glowing golden altar of the Shining One.
   912 | D:2      | Found a white marble altar of Elyvilon.
   912 | D:2      | Found a snail-covered altar of Cheibriados.
   938 | D:2      | Became a worshipper of the Shining One
  1173 | D:2      | Reached XP level 4. HP: 36/40 MP: 3/3
  1515 | D:2      | Found a runed door.
  1519 | D:2      | Noticed Crazy Yiuf
  1528 | D:2      | HP: 1/40 [something (9)]
  1528 | D:2      | Annihilated by Crazy Yiuf

Skill      XL: |  1  2  3 |
---------------+----------+-----
Shields        | 4 |  4.6
Long Blades    | 3 |  3.6
Fighting       | 4 |  4.2
Armour         | 4 |  4.1
Invocations    | |  0.3

Action                   |  1- 3 |  4- 6 || total
-------------------------+-------+-------++-------
Melee: Long sword        |    88 |    19 ||   107
       Headbutt          |    14 |     3 ||    17
  Use: Scroll            |     4 |     1 ||     5
  Eat: Chunk             |     9 |     2 ||    11
Armor: Scale mail        |    22 |    11 ||    33
Dodge: Dodged            |    22 |     8 ||    30
Block: Shield            |    38 |     9 ||    47
       Rpst.: Long sword |     6 |     2 ||     8
